[Event "ICC tourney 2928 (40 10)"]
[Site "Internet Chess Club"]
[Date "2022.06.04"]
[Round "4"]
[White "DUBE, DANIEL:betterone76"]
[Black "CAO, DANIEL:danielcao"]
[Result "1-0"]
[ICCResult "Black resigns"]
[WhiteElo "1521"]
[BlackElo "1285"]
[Opening "Scotch gambit"]
[ECO "C44"]
[NIC "SO.06"]
[Time "17:45:33"]
[PlyCount "39"]
[TimeControl "2400+10"]

1. e4 e5 2. Nf3 Nc6 3. d4 exd4 4. Bc4 d5 5. exd5 Na5 6. Qxd4 Nxc4 7. Qxc4
Nf6 8. Nc3 Bf5 9. O-O Qd7 10. Bg5 Bd6 11. Rfe1+ Be7 12. Bxf6 gxf6 13. d6
Qxd6 14. Nd5 Be6 15. Nxc7+ Kd7 16. Nxe6 fxe6 17. Rad1 Rac8 18. Qa4+ Rc6 19.
Rxd6+ Bxd6 20. Nd4 {Black resigns} 1-0

[Event "ICC tourney 2928 (40 10)"]
[Site "Internet Chess Club"]
[Date "2022.06.04"]
[Round "4"]
[White "STINSON, RUSSELL:rcstinson"]
[Black "Xiong, Michael:supermarshadow"]
[Result "1-0"]
[ICCResult "Black checkmated"]
[WhiteElo "1400"]
[BlackElo "1199"]
[Opening "Sicilian: Grand Prix attack"]
[ECO "B23"]
[NIC "SI.44"]
[Time "17:45:17"]
[PlyCount "39"]
[TimeControl "2400+10"]

1. e4 c5 2. Nc3 Nc6 3. f4 g6 4. Nf3 d6 5. Bb5 Bg7 6. Bxc6+ bxc6 7. O-O Nf6
8. d3 O-O 9. Qe1 Rb8 10. Qh4 Ba6 11. f5 Qd7 12. Bh6 Rxb2 13. Ng5 Rxc2 14.
Bxg7 Kxg7 15. fxg6 hxg6 16. Rxf6 Kxf6 17. e5+ Kxe5 18. Re1+ Kf6 19. Ne6+ g5
20. Qxg5# {Black checkmated} 1-0

[Event "ICC tourney 2928 (40 10)"]
[Site "Internet Chess Club"]
[Date "2022.06.04"]
[Round "4"]
[White "HANKE, HARVEY:ThinkingPanda"]
[Black "WU, DARREN:chessboy111"]
[Result "1-0"]
[ICCResult "Black checkmated"]
[WhiteElo "1601"]
[BlackElo "1173"]
[Opening "KGA: Abbazia defense, modern variation"]
[ECO "C31"]
[NIC "KG.04"]
[Time "17:45:53"]
[PlyCount "35"]
[TimeControl "2400+10"]

1. e4 e5 2. f4 d5 3. exd5 exf4 4. Nf3 Nf6 5. d4 Nxd5 6. Bc4 Ne3 7. Bxe3 fxe3
8. O-O Bd6 9. Bxf7+ Kxf7 10. Ne5+ Ke8 11. Qh5+ g6 12. Nxg6 Rg8 13. Ne5+ Rg6
14. Qxh7 Be6 15. Qxg6+ Ke7 16. Rf7+ Ke8 17. Qg8+ Bf8 18. Qxf8#
{Black checkmated}
1-0

[Event "ICC tourney 2928 (40 10)"]
[Site "Internet Chess Club"]
[Date "2022.06.04"]
[Round "4"]
[White "LEONG, ANSON:CaptainAL13"]
[Black "JACKSON, MASSIMO MATEO:Yeetamus123"]
[Result "1/2-1/2"]
[ICCResult "Game drawn by repetition"]
[WhiteElo "1378"]
[BlackElo "1525"]
[Opening "Sicilian: chameleon variation"]
[ECO "B20"]
[NIC "SI.48"]
[Time "17:46:05"]
[PlyCount "107"]
[TimeControl "2400+10"]

1. e4 c5 2. Ne2 Nc6 3. Nbc3 g6 4. g3 Bg7 5. Bg2 Nf6 6. d3 d6 7. h3 O-O 8. f4
e6 9. Be3 Qb6 10. Rb1 Re8 11. O-O d5 12. exd5 exd5 13. Bf2 d4 14. Ne4 Nxe4
15. dxe4 Qa6 16. a3 Bf5 17. exf5 Qxe2 18. fxg6 hxg6 19. Re1 Qxd1 20. Rbxd1
Rab8 21. g4 Na5 22. b4 cxb4 23. Rxe8+ Rxe8 24. axb4 Nc6 25. Bxc6 bxc6 26.
Bxd4 Rd8 27. c3 a5 28. Ra1 Rxd4 29. Rxa5 Rd1+ 30. Kg2 Bxc3 31. Rc5 Rd2+ 32.
Kg3 Rc2 33. Kf3 Rc1 34. Rxc6 Bd2 35. Rxc1 Bxc1 36. f5 gxf5 37. gxf5 Kg7 38.
Ke4 Ba3 39. b5 Bd6 40. Kd5 Bh2 41. b6 Kf6 42. Ke4 Ke7 43. Kf3 Kf6 44. Kg4
Bb8 45. h4 Bd6 46. h5 Kg7 47. Kg5 f6+ 48. Kg4 Kh6 49. Kh4 Bb8 50. Kg4 Bd6
51. Kh4 Kg7 52. Kg4 Kf7 53. Kh4 Kg7 54. Kg4 {Game drawn by repetition}
1/2-1/2

[Event "ICC tourney 2928 (40 10)"]
[Site "Internet Chess Club"]
[Date "2022.06.04"]
[Round "4"]
[White "Feng, Jay:TheDeadlyPawn"]
[Black "INDUKURI, SUHAS VARMA:Suhas12"]
[Result "1-0"]
[ICCResult "Black checkmated"]
[WhiteElo "1586"]
[BlackElo "1510"]
[Opening "Queen's pawn: London system"]
[ECO "A45"]
[NIC "QP.07"]
[Time "17:45:25"]
[PlyCount "35"]
[TimeControl "2400+10"]

1. d4 Nf6 2. Bf4 e6 3. e3 d5 4. Nd2 c5 5. c3 Nc6 6. Ngf3 Be7 7. Bd3 O-O 8.
Ne5 a6 9. h4 Bd6 10. Ndf3 Qc7 11. Rc1 Nd7 12. Bxh7+ Kxh7 13. Ng5+ Kg8 14.
Nxd7 Bxf4 15. Qh5 Bxg5 16. hxg5 f6 17. g6 Bxd7 18. Qh7# {Black checkmated}
1-0

[Event "ICC tourney 2928 (40 10)"]
[Site "Internet Chess Club"]
[Date "2022.06.04"]
[Round "4"]
[White "KRAJINOVIC, NIKOLA:NikolaKrajinov"]
[Black "Wang, Bohan:BohanChess"]
[Result "1-0"]
[ICCResult "Black checkmated"]
[WhiteElo "1617"]
[BlackElo "1415"]
[Opening "King's Indian: London system"]
[ECO "A48"]
[NIC "QP.06"]
[Time "17:45:25"]
[PlyCount "65"]
[TimeControl "2400+10"]

1. d4 Nf6 2. Nf3 g6 3. Bf4 d5 4. e3 c5 5. c3 Bg7 6. Bd3 Nc6 7. O-O O-O 8.
Re1 Bg4 9. Nbd2 Rc8 10. h3 Bxf3 11. Nxf3 cxd4 12. exd4 Re8 13. Qd2 Qb6 14.
Re2 Nd7 15. Rae1 e6 16. g4 a5 17. h4 Nf6 18. Bh6 Nxg4 19. Bxg7 Kxg7 20. h5
Rg8 21. Qg5 Nh6 22. hxg6 Nf5 23. Bxf5 exf5 24. Kf1 hxg6 25. Re6 fxe6 26.
Rxe6 Kh7 27. Qh4+ Kg7 28. Qf6+ Kh6 29. Qh4+ Kg7 30. Ne5 Nxe5 31. Rxb6 Ng4
32. Rxb7+ Kf8 33. Qe7# {Black checkmated} 1-0

[Event "ICC tourney 2928 (40 10)"]
[Site "Internet Chess Club"]
[Date "2022.06.04"]
[Round "4"]
[White "BRUDNO, STEPHEN:StevChess01"]
[Black "Ledas, Armandas:ArmandasLedas"]
[Result "1-0"]
[ICCResult "Black resigns"]
[WhiteElo "1532"]
[BlackElo "1378"]
[Opening "Modern defense: Averbakh system"]
[ECO "A40"]
[NIC "KF.02"]
[Time "17:45:17"]
[PlyCount "49"]
[TimeControl "2400+10"]

1. d4 g6 2. e4 Bg7 3. c4 d6 4. Nc3 Nd7 5. Be3 b6 6. Qd2 Bb7 7. f3 e6 8. Nge2
Ngf6 9. Ng3 O-O 10. Be2 c5 11. d5 exd5 12. cxd5 Qe7 13. Rc1 Ne5 14. O-O a6
15. Bg5 b5 16. b3 Qc7 17. h3 Rac8 18. Nd1 b4 19. Nb2 Qd7 20. f4 Nc6 21. dxc6
Qxc6 22. Bf3 Qb6 23. Nc4 Qc7 24. Qxd6 Qxd6 25. Nxd6 {Black resigns} 1-0

[Event "ICC tourney 2928 (40 10)"]
[Site "Internet Chess Club"]
[Date "2022.06.04"]
[Round "4"]
[White "SULTAN, BASHIR Cisse:muzikmixer"]
[Black "HAMLETT, JAMES MORRISON:Hamlett144"]
[Result "1-0"]
[ICCResult "Black resigns"]
[WhiteElo "1545"]
[BlackElo "1249"]
[Opening "English: four knights, 4.e3"]
[ECO "A25"]
[NIC "EO.06"]
[Time "17:45:21"]
[PlyCount "67"]
[TimeControl "2400+10"]

1. c4 e5 2. Nc3 Nc6 3. e3 Nf6 4. Nf3 d5 5. cxd5 Nxd5 6. Bb5 Nxc3 7. bxc3 Qf6
8. d4 Bg4 9. h3 Bxf3 10. Qxf3 Qxf3 11. gxf3 exd4 12. cxd4 a6 13. Ba4 b5 14.
Bc2 Nb4 15. Be4 c6 16. a4 O-O-O 17. axb5 axb5 18. Ra7 f6 19. Bd2 Nd5 20. Ke2
Bd6 21. Rha1 b4 22. Bf5+ Kb8 23. Ra8+ Kc7 24. R8a7+ Kb8 25. Rxg7 h5 26. Rga7
Nb6 27. Be4 Rc8 28. Rh7 Rxh7 29. Bxh7 b3 30. Rb1 Rc7 31. Be4 c5 32. Rxb3 Ka7
33. Ba5 Nc4 34. Bxc7 {Black resigns} 1-0

[Event "ICC tourney 2928 (40 10)"]
[Site "Internet Chess Club"]
[Date "2022.06.04"]
[Round "4"]
[White "CAREY, MICHAEL P:xyzchessdude"]
[Black "RAMAN, ARJUN:jojoraman"]
[Result "1-0"]
[ICCResult "Black checkmated"]
[WhiteElo "1822"]
[BlackElo "1619"]
[Opening "English opening: Agincourt variation"]
[ECO "A13"]
[NIC "QP.09"]
[Time "17:45:17"]
[PlyCount "61"]
[TimeControl "2400+10"]

1. Nf3 d5 2. c4 e6 3. e3 Nf6 4. Nc3 Be7 5. b3 O-O 6. Bb2 b6 7. cxd5 exd5 8.
d4 c5 9. Rc1 Be6 10. Be2 cxd4 11. Nxd4 Bc5 12. O-O Bxd4 13. Qxd4 Nc6 14. Qa4
Rc8 15. Rfd1 Re8 16. Ba6 Nd7 17. Bxc8 Qxc8 18. Nxd5 Nc5 19. Qh4 Bxd5 20.
Rxd5 Ne7 21. Qg3 Ng6 22. h4 Qb7 23. Rdxc5 bxc5 24. h5 Re6 25. Rxc5 f5 26.
Rc7 Qe4 27. Rxg7+ Kf8 28. Qb8+ Re8 29. Qd6+ Re7 30. Qd8+ Re8 31. Qf6#
{Black checkmated}
1-0

[Event "ICC tourney 2928 (40 10)"]
[Site "Internet Chess Club"]
[Date "2022.06.04"]
[Round "4"]
[White "WENG, JOHNSON:K01-30136161"]
[Black "GEVORGYAN, DAVIT:Davo29"]
[Result "0-1"]
[ICCResult "White checkmated"]
[WhiteElo "1221"]
[BlackElo "1715"]
[Opening "Sicilian: closed"]
[ECO "B24"]
[NIC "SI.44"]
[Time "17:45:16"]
[PlyCount "132"]
[TimeControl "2400+10"]

1. e4 c5 2. Nc3 Nc6 3. g3 g6 4. Bg2 Bg7 5. f4 e6 6. Nf3 Nge7 7. d3 O-O 8.
O-O d5 9. e5 h5 10. d4 b6 11. Re1 Nf5 12. Be3 cxd4 13. Nxd4 Ncxd4 14. Bxd4
Ba6 15. Bf2 Rc8 16. Qd2 Qc7 17. Rac1 Rfd8 18. Ne2 Bxe2 19. Rxe2 Qc4 20. a3
Rc7 21. c3 Rdc8 22. Bf1 Qa4 23. Ree1 b5 24. Bd3 Ne7 25. Rc2 Qa6 26. Ra1 Qb7
27. b4 a6 28. Rac1 Nc6 29. Bd4 Nb8 30. h4 Nd7 31. Kh2 Bf8 32. Rb1 Be7 33.
Kh3 Bd8 34. Kh2 Rc6 35. Kh3 Bb6 36. Bxb6 Nxb6 37. Rbc1 R8c7 38. Kh2 Qc8 39.
Kh3 Na4 40. Kh2 Rxc3 41. Rxc3 Rxc3 42. Rxc3 Qxc3 43. Qxc3 Nxc3 44. Kg2 Kf8
45. Kf2 Ke7 46. Ke3 Kd7 47. Kd4 Na4 48. Bc2 Kc6 49. Bxa4 bxa4 50. Kc3 Kb6
51. Kd4 Kb5 52. Kc3 a5 53. bxa5 Kxa5 54. Kd4 Kb5 55. Kc3 Kc5 56. Kd3 d4 57.
Kd2 Kc4 58. Kc2 d3+ 59. Kd2 Kd4 60. Kd1 Kc3 61. Kc1 d2+ 62. Kd1 Kd3 63. g4
hxg4 64. h5 g3 65. h6 g2 66. h7 g1=R# {White checkmated} 0-1

[Event "ICC tourney 2928 (40 10)"]
[Site "Internet Chess Club"]
[Date "2022.06.04"]
[Round "4"]
[White "PARAGUA, MEGAN ALTHEA:PrincessOfChess"]
[Black "PU, LANDON:landonp"]
[Result "1-0"]
[ICCResult "Black resigns"]
[WhiteElo "1573"]
[BlackElo "1627"]
[Opening "Center game: Paulsen attack"]
[ECO "C22"]
[NIC "KP.04"]
[Time "17:45:14"]
[PlyCount "55"]
[TimeControl "2400+10"]

1. e4 e5 2. d4 exd4 3. Qxd4 Nc6 4. Qe3 Bb4+ 5. Nc3 Nf6 6. Bd2 d6 7. O-O-O
O-O 8. f3 Be6 9. Kb1 a5 10. g4 Bxc3 11. Bxc3 Nb4 12. a3 Nc6 13. g5 Nh5 14.
f4 g6 15. Ne2 f5 16. Nd4 Qd7 17. exf5 Bxf5 18. Nxf5 Rxf5 19. Bh3 Nxf4 20.
Bxf5 Qxf5 21. Bf6 Nd5 22. Qb3 Kf8 23. Rxd5 Qe4 24. Rf1 Qe2 25. Rf4 Qxh2 26.
Be5+ Ke7 27. Rf7+ Kxf7 28. Bxh2 {Black resigns} 1-0

[Event "ICC tourney 2928 (40 10)"]
[Site "Internet Chess Club"]
[Date "2022.06.04"]
[Round "4"]
[White "S.M, UMER:uncrackable"]
[Black "VALE CRUZ, ARMIN:trucker"]
[Result "1-0"]
[ICCResult "Black resigns"]
[WhiteElo "1800"]
[BlackElo "1685"]
[Opening "Old Benoni defense"]
[ECO "A46"]
[NIC "QP.06"]
[Time "17:45:21"]
[PlyCount "91"]
[TimeControl "2400+10"]

1. d4 Nf6 2. Nf3 c5 3. d5 b5 4. e4 Nxe4 5. Bd3 Qa5+ 6. c3 Nf6 7. O-O d6 8.
Re1 Bb7 9. Bg5 Nbd7 10. c4 bxc4 11. Bxc4 Ba6 12. Nbd2 Rb8 13. Qe2 Bxc4 14.
Nxc4 Qa6 15. Bf4 Rb6 16. Nxb6 Qxe2 17. Rxe2 axb6 18. Rd1 h6 19. Bxd6 Kd8 20.
Be5 Rg8 21. a4 g5 22. d6 exd6 23. Bxd6 Bxd6 24. Rxd6 Kc7 25. Red2 Re8 26.
Kf1 Re4 27. b3 c4 28. bxc4 Rxc4 29. Rxd7+ Nxd7 30. Rxd7+ Kxd7 31. Ne5+ Kd6
32. Nxc4+ Kc5 33. Ne5 Kb4 34. Nd7 Kxa4 35. Nxb6+ Kb5 36. Nd7 f5 37. Ne5 h5
38. Nf7 g4 39. Nd6+ Kc5 40. Nxf5 Kd5 41. Ke2 Ke5 42. Ne3 Kf4 43. g3+ Kg5 44.
Kd3 h4 45. Ke4 hxg3 46. hxg3 {Black resigns} 1-0

[Event "ICC tourney 2928 (40 10)"]
[Site "Internet Chess Club"]
[Date "2022.06.04"]
[Round "4"]
[White "GUO, ELLA:SunnyCountry"]
[Black "BERKLEY, DARRIN K:drberkley"]
[Result "0-1"]
[ICCResult "White checkmated"]
[WhiteElo "1441"]
[BlackElo "1761"]
[Opening "Pirc: classical system, 5.Be2"]
[ECO "B08"]
[NIC "PU.03"]
[Time "17:45:23"]
[PlyCount "90"]
[TimeControl "2400+10"]

1. e4 d6 2. d4 Nf6 3. Nc3 g6 4. Nf3 Bg7 5. Be2 O-O 6. O-O a6 7. a4 Nc6 8. h3
e5 9. d5 Ne7 10. Be3 Nd7 11. Qd2 b6 12. Bh6 Qe8 13. Bxg7 Kxg7 14. b4 h6 15.
Ne1 f5 16. f3 f4 17. Nd3 Nf6 18. Bd1 g5 19. Qe1 Qh5 20. Nf2 Qg6 21. Ng4 Nh5
22. Ne2 Kh7 23. c4 Ng7 24. Rc1 h5 25. Nh2 Ng8 26. Kh1 Nf6 27. c5 bxc5 28.
bxc5 Nge8 29. a5 Bd7 30. c6 Bc8 31. Rg1 h4 32. Rb1 Kg7 33. Rb4 Nh5 34. Qd2
Rh8 35. Qb2 Nef6 36. Bc2 Ng3+ 37. Nxg3 hxg3 38. Ng4 Bxg4 39. fxg4 Nxg4 40.
Re1 Qh5 41. Kg1 f3 42. Rb1 Ne3 43. Rb3 f2+ 44. Kh1 Qxh3+ 45. gxh3 Rxh3#
{White checkmated}
0-1

[Event "ICC tourney 2928 (40 10)"]
[Site "Internet Chess Club"]
[Date "2022.06.04"]
[Round "4"]
[White "SAPRU, AGASTYA:auggie29"]
[Black "FURMAN, MIKHAIL:mfurm"]
[Result "1-0"]
[ICCResult "Black resigns"]
[WhiteElo "1518"]
[BlackElo "1583"]
[Opening "Queen's pawn: London system"]
[ECO "A45"]
[NIC "QP.05"]
[Time "17:45:19"]
[PlyCount "117"]
[TimeControl "2400+10"]

1. d4 Nf6 2. Bf4 e6 3. Nf3 b6 4. e3 Bb7 5. Nbd2 Nd5 6. Bg3 f5 7. Ne5 Nf6 8.
Ndf3 d6 9. Nc4 Nbd7 10. Bd3 Be4 11. O-O g6 12. Bh4 Bxd3 13. cxd3 Be7 14. Re1
h6 15. Bg3 Nf8 16. e4 fxe4 17. dxe4 Nh5 18. Rc1 Rc8 19. Na3 Nd7 20. Nb5 Nxg3
21. hxg3 a6 22. Na7 Ra8 23. Nc6 Qc8 24. Qb3 Nb8 25. Nxb8 Rxb8 26. Qc4 c5 27.
dxc5 bxc5 28. b4 Kf7 29. bxc5 Qxc5 30. Qxa6 Qb4 31. Qd3 Rhc8 32. Nd4 Qa4 33.
Rxc8 Rxc8 34. Qb3 Qxd4 35. a4 Qc5 36. Ra1 Ra8 37. Qf3+ Bf6 38. e5 Qxe5 39.
Qxa8 Qxa1+ 40. Kh2 Qb2 41. a5 Qxf2 42. Qb7+ Kf8 43. Qc8+ Kf7 44. Qc7+ Kg8
45. Qc8+ Kf7 46. Qd7+ Kf8 47. a6 Be5 48. Qd8+ Kf7 49. Qd7+ Kf6 50. Qd8+ Kf5
51. Qf8+ Bf6 52. Qxd6 Ke4 53. Qxe6+ Be5 54. Qxg6+ Kd5 55. Qd3+ Qd4 56. Qf3+
Kc5 57. a7 Qh4+ 58. Kg1 Qd4+ 59. Qf2 {Black resigns} 1-0

[Event "ICC tourney 2928 (40 10)"]
[Site "Internet Chess Club"]
[Date "2022.06.04"]
[Round "5"]
[White "DONG, RYAN PENG:ThePianoManRyan"]
[Black "DUBE, DANIEL:betterone76"]
[Result "0-1"]
[ICCResult "White resigns"]
[WhiteElo "1190"]
[BlackElo "1521"]
[Opening "King's Indian: Sämisch variation"]
[ECO "E80"]
[NIC "KI.54"]
[Time "20:00:24"]
[PlyCount "60"]
[TimeControl "2400+10"]

1. d4 Nf6 2. c4 g6 3. Nc3 Bg7 4. e4 d6 5. f3 Nfd7 6. Be3 c5 7. d5 Bxc3+ 8.
bxc3 Qa5 9. Qd2 Qa4 10. Bd3 Ne5 11. Ne2 Nxc4 12. Bxc4 Qxc4 13. O-O b6 14. a4
Ba6 15. Rf2 Nd7 16. a5 O-O 17. Bh6 Rfe8 18. Ng3 Qd3 19. Qg5 Qxc3 20. Rfa2 b5
21. Nh5 b4 22. Rc1 Qe5 23. Nf4 Qxg5 24. Bxg5 b3 25. Rb2 c4 26. Ne2 Nc5 27.
Rd2 Na4 28. Nd4 c3 29. Rf2 b2 30. Rd1 Rab8 {White resigns} 0-1

[Event "ICC tourney 2928 (40 10)"]
[Site "Internet Chess Club"]
[Date "2022.06.04"]
[Round "5"]
[White "JACKSON, MASSIMO MATEO:Yeetamus123"]
[Black "SAPRU, AGASTYA:auggie29"]
[Result "1-0"]
[ICCResult "Black checkmated"]
[WhiteElo "1525"]
[BlackElo "1518"]
[Opening "Sicilian: closed, 2...Nc6"]
[ECO "B23"]
[NIC "SI.44"]
[Time "20:00:29"]
[PlyCount "49"]
[TimeControl "2400+10"]

1. e4 c5 2. Nc3 Nc6 3. Bc4 e6 4. f4 Nge7 5. Nf3 d5 6. exd5 exd5 7. Bb5 Bg4
8. O-O a6 9. Bxc6+ Nxc6 10. Qe1+ Be7 11. Ne5 Bf5 12. Nxc6 bxc6 13. Qe5 Qd7
14. d3 O-O 15. Ne2 Bf6 16. Qe3 Rfe8 17. Qd2 Bg4 18. Ng3 Re7 19. f5 Rae8 20.
c3 Be5 21. Qg5 Bxg3 22. f6 Bf2+ 23. Kh1 g6 24. Qh6 Kh8 25. Qg7#
{Black checkmated}
1-0

[Event "ICC tourney 2928 (40 10)"]
[Site "Internet Chess Club"]
[Date "2022.06.04"]
[Round "5"]
[White "Xiong, Michael:supermarshadow"]
[Black "CAO, DANIEL:danielcao"]
[Result "1-0"]
[ICCResult "Black checkmated"]
[WhiteElo "1199"]
[BlackElo "1285"]
[Opening "Dutch with c4 & Nc3"]
[ECO "A85"]
[NIC "HD.05"]
[Time "20:00:23"]
[PlyCount "121"]
[TimeControl "2400+10"]

1. d4 f5 2. c4 Nf6 3. Nc3 g6 4. Nf3 Bg7 5. Bg5 O-O 6. e3 h6 7. Bh4 g5 8. Bg3
d6 9. Bd3 e6 10. Qc2 Nc6 11. a3 Ne7 12. O-O Nh5 13. c5 Nxg3 14. hxg3 f4 15.
gxf4 gxf4 16. cxd6 cxd6 17. Rac1 Bd7 18. Ne4 Bc6 19. b4 Nf5 20. b5 Bxe4 21.
Bxe4 fxe3 22. Bxf5 exf2+ 23. Rxf2 Rxf5 24. Qc7 Qxc7 25. Rxc7 Rxb5 26. Re2
Re8 27. Rd7 Rb6 28. d5 e5 29. Rc2 Rb1+ 30. Kh2 e4 31. Nd2 e3 32. Nxb1 e2 33.
Rxe2 Rxe2 34. Rxb7 Be5+ 35. Kh3 Re3+ 36. Kh4 Bf6+ 37. Kh5 Rg3 38. Kxh6 Rxg2
39. Rxa7 Rb2 40. Kg6 Rb8 41. Kxf6 Rxb1 42. Ke6 Rb6 43. a4 Kf8 44. a5 Rb5 45.
Kxd6 Ke8 46. a6 Rb8 47. Rc7 Rb6+ 48. Rc6 Rb8 49. a7 Ra8 50. Ra6 Kd8 51. Kc6
Kc8 52. d6 Kd8 53. Kb7 Rxa7+ 54. Rxa7 Kd7 55. Ra6 Kd8 56. Kc6 Ke8 57. d7+
Ke7 58. Kc7 Kf7 59. d8=Q Kg7 60. Qd7+ Kf8 61. Ra8# {Black checkmated} 1-0

[Event "ICC tourney 2928 (40 10)"]
[Site "Internet Chess Club"]
[Date "2022.06.04"]
[Round "5"]
[White "WU, NATHAN:nwazus"]
[Black "WENG, JOHNSON:K01-30136161"]
[Result "0-1"]
[ICCResult "White checkmated"]
[WhiteElo "1287"]
[BlackElo "1221"]
[Opening "Owen defense"]
[ECO "B00"]
[NIC "VO.01"]
[Time "20:00:25"]
[PlyCount "116"]
[TimeControl "2400+10"]

1. e4 b6 2. d4 Bb7 3. Nc3 e6 4. Nf3 Bb4 5. Bd3 Nf6 6. e5 Nd5 7. Bd2 Nxc3 8.
Bxc3 Bxc3+ 9. bxc3 d6 10. O-O dxe5 11. Nxe5 O-O 12. Re1 Nd7 13. Qh5 Nf6 14.
Qh3 h6 15. Ng4 Nxg4 16. Qxg4 Qf6 17. Re3 Rad8 18. Rb1 Rd5 19. Be4 Rg5 20.
Qf3 Qxf3 21. Bxf3 Bxf3 22. Rxf3 Rd8 23. Rb4 Ra5 24. Rb2 Rdd5 25. g3 Ra3 26.
Rd3 Rda5 27. c4 Rxa2 28. Rxa2 Rxa2 29. Rc3 Ra1+ 30. Kg2 Rd1 31. Rd3 Rxd3 32.
cxd3 a5 33. Kf3 a4 34. Ke2 a3 35. Kd2 a2 36. d5 exd5 37. cxd5 a1=Q 38. Ke3
Qe5+ 39. Kd2 Qxd5 40. Ke3 b5 41. Kd2 b4 42. h4 b3 43. Kc3 c5 44. g4 Kf8 45.
h5 Ke7 46. f4 Kd6 47. g5 hxg5 48. fxg5 Qxg5 49. Kxb3 Qxh5 50. Kc4 f5 51. d4
cxd4 52. Kxd4 f4 53. Kd3 Qe5 54. Kc4 f3 55. Kd3 f2 56. Kc2 f1=Q 57. Kb3 Qb1+
58. Kc4 Qc5# {White checkmated} 0-1

[Event "ICC tourney 2928 (40 10)"]
[Site "Internet Chess Club"]
[Date "2022.06.04"]
[Round "5"]
[White "BERKLEY, DARRIN K:drberkley"]
[Black "SULTAN, BASHIR Cisse:muzikmixer"]
[Result "1-0"]
[ICCResult "Black resigns"]
[WhiteElo "1761"]
[BlackElo "1545"]
[Opening "Robatsch (modern) defense"]
[ECO "B06"]
[NIC "KF.06"]
[Time "20:00:23"]
[PlyCount "59"]
[TimeControl "2400+10"]

1. e4 g6 2. Nc3 Bg7 3. f4 d6 4. Nf3 e6 5. d4 Ne7 6. Bd3 b6 7. Ne2 d5 8. e5
Bb7 9. c3 Nd7 10. Be3 c5 11. h4 h5 12. Ng5 Nf5 13. Bxf5 exf5 14. Rh3 Qe7 15.
Qa4 O-O 16. Kf2 f6 17. Nf3 fxe5 18. fxe5 f4 19. Nxf4 Rxf4 20. Bxf4 Nf8 21.
Ng5 Ne6 22. Nxe6 Qxe6 23. Rf1 Bc6 24. Qd1 Bb5 25. Re1 Rf8 26. Rf3 Qg4 27.
Bg5 Rf5 28. Rxf5 Qxf5+ 29. Qf3 Qc2+ 30. Kg1 {Black resigns} 1-0

[Event "ICC tourney 2928 (40 10)"]
[Site "Internet Chess Club"]
[Date "2022.06.04"]
[Round "5"]
[White "Wang, Bohan:BohanChess"]
[Black "GEVORGYAN, DAVIT:Davo29"]
[Result "0-1"]
[ICCResult "White resigns"]
[WhiteElo "1415"]
[BlackElo "1715"]
[Opening "Sicilian: Pelikan (Lasker/Sveshnikov) variation"]
[ECO "B33"]
[NIC "SI.35"]
[Time "20:00:20"]
[PlyCount "98"]
[TimeControl "2400+10"]

1. e4 c5 2. Nf3 Nc6 3. d4 cxd4 4. Nxd4 Nf6 5. Nc3 e5 6. Nf3 Bb4 7. Bd2 Bxc3
8. Bxc3 Nxe4 9. Bb5 Nxc3 10. bxc3 Qa5 11. Qd3 O-O 12. O-O e4 13. Qxe4 Qxb5
14. Rab1 Qc5 15. c4 Qe7 16. Qf5 d6 17. Qd3 Ne5 18. Nxe5 dxe5 19. Rfe1 Rd8
20. Qc3 f6 21. f4 Qc5+ 22. Kh1 Qd4 23. Qb3 Qxf4 24. c5+ Kh8 25. Qf7 Qd2 26.
h3 Qd7 27. Qh5 Qe8 28. Qe2 Bd7 29. Rxb7 Bc6 30. Rc7 Rdc8 31. Rxc8 Rxc8 32.
Qg4 Qd7 33. Qe2 Qxh3+ 34. Kg1 Qc3 35. Rd1 Qxc5+ 36. Kh2 h6 37. Qg4 Be8 38.
Rb1 Qc7 39. Kh1 Qxc2 40. Rb7 Qc1+ 41. Kh2 Qf4+ 42. Qxf4 exf4 43. Rxa7 Kh7
44. a4 Rc2 45. Kh3 Bc6 46. Kg4 Rc4 47. a5 f3+ 48. Kg3 fxg2 49. Kf2 Rc2+
{White resigns}
0-1

[Event "ICC tourney 2928 (40 10)"]
[Site "Internet Chess Club"]
[Date "2022.06.04"]
[Round "5"]
[White "HAMLETT, JAMES MORRISON:Hamlett144"]
[Black "GUO, ELLA:SunnyCountry"]
[Result "0-1"]
[ICCResult "White resigns"]
[WhiteElo "1249"]
[BlackElo "1441"]
[Opening "Sicilian: closed"]
[ECO "B23"]
[NIC "SI.44"]
[Time "20:00:35"]
[PlyCount "73"]
[TimeControl "2400+10"]

1. e4 c5 2. Nc3 e6 3. Nf3 d6 4. Bb5+ Nd7 5. O-O a6 6. Be2 Ngf6 7. d4 Be7 8.
e5 dxe5 9. dxe5 Ng4 10. Bf4 O-O 11. h3 Nh6 12. g4 f5 13. g5 Nf7 14. h4 b5
15. Kh2 Bb7 16. Rg1 Nh8 17. h5 g6 18. Nh4 Nb6 19. hxg6 Nxg6 20. Nxg6 hxg6
21. Qf1 Kf7 22. Kg3 Rh8 23. Bf3 Bxf3 24. Kxf3 Qc7 25. Kg3 Rad8 26. Rh1 Nc4
27. Rxh8 Rxh8 28. b3 Nb6 29. a4 b4 30. Nd1 Rh5 31. a5 Nd5 32. Ne3 Nxf4 33.
Kxf4 Bxg5+ 34. Kf3 Qxe5 35. Rd1 Qe4+ 36. Ke2 f4 37. Rd2 {White resigns} 0-1

[Event "ICC tourney 2928 (40 10)"]
[Site "Internet Chess Club"]
[Date "2022.06.04"]
[Round "5"]
[White "RAMAN, ARJUN:jojoraman"]
[Black "KRAJINOVIC, NIKOLA:NikolaKrajinov"]
[Result "1-0"]
[ICCResult "Black resigns"]
[WhiteElo "1619"]
[BlackElo "1617"]
[Opening "French: Tarrasch"]
[ECO "C03"]
[NIC "FR.07"]
[Time "20:00:36"]
[PlyCount "121"]
[TimeControl "2400+10"]

1. e4 e6 2. d4 d5 3. Nd2 dxe4 4. Nxe4 Be7 5. Nf3 Nf6 6. Bd3 O-O 7. O-O Nc6
8. c3 b6 9. Qc2 h6 10. Bf4 Bb7 11. Rfe1 Rc8 12. Rad1 Bd6 13. Bg3 Nxe4 14.
Bxe4 Na5 15. Bxb7 Nxb7 16. d5 Bxg3 17. dxe6 Bxf2+ 18. Qxf2 Qf6 19. exf7+
Qxf7 20. Qc2 Nd6 21. Nd4 Rce8 22. a3 Nc4 23. Rxe8 Rxe8 24. Qb3 Rf8 25. Nf5
Qxf5 26. Qxc4+ Kh8 27. Rf1 Qxf1+ 28. Qxf1 Rxf1+ 29. Kxf1 g5 30. Kf2 Kg7 31.
Kf3 Kf6 32. Ke4 Ke6 33. g4 c6 34. c4 a6 35. h3 a5 36. a4 Kf6 37. Kd4 Ke6 38.
c5 b5 39. axb5 cxb5 40. c6 Kd6 41. c7 Kxc7 42. Kc5 b4 43. Kb5 Kd6 44. Kxa5
b3 45. Kb4 Ke5 46. Kxb3 Kf4 47. Kc4 Kg3 48. b4 Kxh3 49. b5 Kxg4 50. b6 h5
51. b7 h4 52. b8=Q Kh3 53. Qb3+ Kg2 54. Qc2+ Kg3 55. Qd3+ Kg4 56. Kd4 h3 57.
Ke4 h2 58. Qf3+ Kh4 59. Qg2 g4 60. Qxh2+ Kg5 61. Qg3 {Black resigns} 1-0

[Event "ICC tourney 2928 (40 10)"]
[Site "Internet Chess Club"]
[Date "2022.06.04"]
[Round "5"]
[White "PU, LANDON:landonp"]
[Black "INDUKURI, SUHAS VARMA:Suhas12"]
[Result "0-1"]
[ICCResult "White resigns"]
[WhiteElo "1627"]
[BlackElo "1510"]
[Opening "Sicilian: Taimanov variation"]
[ECO "B46"]
[NIC "SI.41"]
[Time "20:00:29"]
[PlyCount "86"]
[TimeControl "2400+10"]

1. e4 c5 2. Nf3 e6 3. d4 cxd4 4. Nxd4 a6 5. Nc3 Nc6 6. g3 Qc7 7. Bg2 Nf6 8.
O-O Be7 9. Be3 O-O 10. f4 d6 11. Qe2 Bd7 12. Rfe1 b5 13. a3 Rac8 14. Rad1
Na5 15. Bf2 Nc4 16. Rb1 Nxa3 17. Ra1 Nc4 18. Rxa6 Nxb2 19. Ndxb5 Bxb5 20.
Nxb5 Qxc2 21. Nxd6 Bxd6 22. Rxd6 Qxe2 23. Rxe2 Rc1+ 24. Bf1 Na4 25. e5 Nd5
26. Kg2 Nac3 27. Rb2 Nd1 28. Rb7 N1e3+ 29. Kf3 Nxf1 30. f5 Nd2+ 31. Ke2 Ne4
32. Rdd7 Ndc3+ 33. Ke3 Nc5 34. fxe6 Nxd7 35. e7 Nd5+ 36. Ke4 Nxe7 37. Rxd7
Ng6 38. e6 fxe6 39. Bd4 e5 40. Bb2 Re1+ 41. Kd5 Rd1+ 42. Ke6 Rxd7 43. Kxd7
e4 {White resigns} 0-1